 Dungeon Crawl Stone Soup version 0.27.1-2-g3b301248ec (webtiles) character file.

Game seed: 13333757798931957059

10171 Borgoz the Fighter (level 11, -5/73 HPs)
             Began as a Gargoyle Berserker on Sept 26, 2021.
             Was an Elder of Trog.
             Slain by a troll (8 damage)
             ... on level 10 of the Dungeon.
             The game lasted 00:10:39 (10104 turns).

Borgoz the Fighter (Gargoyle Berserker)            Turns: 10104, Time: 00:10:39

Health: -5/73      AC: 27    Str: 22    XL:     11   Next: 57%
Magic:  11/11      EV:  8    Int:  8    God:    Trog [****..]
Gold:   319        SH:  4    Dex: 11    Spells: 10/10 levels left

rFire    . . .     SeeInvis .   K - +2 flail (vorpal)
rCold    . . .     Faith    .   H - +0 buckler
rNeg     + . .     Spirit   .   j - +0 plate armour
rPois    ∞         Reflect  .   x - +0 helmet
rElec    +         Harm     .   e - +0 cloak
rCorr    .         Rampage  .   (no gloves)
Will     ++...                  i - +0 pair of boots
Stlth    ..........             (no amulet)
HPRegen  1.22/turn              (no ring)
MPRegen  0.12/turn              (no ring)

@: strong-willed, on berserk cooldown, regenerating, hasted and slowed
A: sickness immunity, AC +8, negative energy resistance 1, electricity
resistance, torment resistance 1, petrification resistance
a: Renounce Religion, Berserk, Trog's Hand, Brothers in Arms


You were on level 10 of the Dungeon.
You worshipped Trog.
Trog was greatly pleased with you.
You visited 1 branch of the dungeon, and saw 10 of its levels.

You collected 424 gold pieces.
You spent 105 gold pieces at shops.

Inventory:

Hand Weapons
 c - a +3 whip
 K - a +2 vorpal flail (weapon)
Missiles
 B - 2 throwing nets (quivered)
Armour
 e - a +0 cloak (worn)
 i - a +0 pair of boots (worn)
 j - a +0 plate armour (worn)
 x - a +0 helmet (worn)
 H - a +0 buckler (worn)
Wands
 b - a wand of acid (11)
 s - a wand of iceblast (6)
 A - a wand of paralysis (3)
Scrolls
 a - a scroll of acquirement {unknown}
 h - 2 scrolls of enchant armour {unknown}
 k - a scroll of silence {unknown}
 n - 2 scrolls of fog {unknown}
 o - a scroll of amnesia {unknown}
 q - 3 scrolls of brand weapon {unknown}
 r - 2 scrolls of enchant weapon {unknown}
 u - 2 scrolls of blinking
 y - a scroll of fear {unknown}
 D - 2 scrolls of magic mapping {unknown}
 E - a scroll of noise {unknown}
 I - a scroll of torment {unknown}
 J - 3 scrolls of teleportation
Potions
 d - 3 potions of curing
 f - 2 potions of might {unknown}
 m - a potion of flight
 p - 3 potions of degeneration {unknown}
 t - a potion of cancellation
 v - a potion of magic {unknown}
 w - 2 potions of invisibility {unknown}
 z - a potion of attraction
 C - a potion of mutation {unknown}


   Skills:
 * Level 10.8 Fighting
 * Level 10.0 Maces & Flails
 * Level 10.5 Armour
 + Level 5.7 Dodging
 + Level 2.6 Shields


You had 10 spell levels left.
You didn't know any spells.
Your spell library was empty.

Dungeon Overview and Level Annotations

Branches:
Dungeon (10/15)            Temple (0/1) D:5            Lair (0/6) D:8
    Orc (0/2) D:10

Altars:
Kikubaaqudgha
Qazlal
Sif Muna
Uskayaw
Xom
Zin

Shops:
D:9 ?   D:10 =


Innate Abilities, Weirdness & Mutations

You are immune to sickness and miasma.
Your stone body is resilient. (AC +8)
You are immune to poison.
You resist negative energy. (rN+)
You are resistant to electric shocks. (rElec)
You are resistant to unholy torment.
You are immune to petrification.


Message History

The gnoll sergeant blocks your attack.
The gnoll sergeant is almost dead.
The gnoll sergeant hits you but does no damage.
You sock the gnoll sergeant!
You kill the gnoll sergeant!
Trog accepts your kill.
You are no longer berserk.
You are exhausted.
You feel yourself slow down.
Your skin crawls.
You feel strong-willed.
You completely miss the troll. The troll barely misses you.
The troll claws you but does no damage. The troll barely misses you.
You block the troll's attack.
The troll claws you but does no damage. x2
You thump the troll!
The troll is moderately wounded.
The troll bites you.
The troll claws you but does no damage. x2
The troll closely misses you. You block the troll's attack.
The troll claws you but does no damage. The troll barely misses you.
The troll claws you.
* * * LOW HITPOINT WARNING * * *
The troll claws you.
* * * LOW HITPOINT WARNING * * *
The troll barely misses you.
The troll claws you but does no damage. x2
You feel much better. The troll bites you! The troll barely misses you.
The troll claws you but does no damage. The troll bites you but does no damage.
The troll claws you but does no damage. The troll barely misses you.
Okay, then.
You feel yourself speed up. The troll bites you but does no damage.
The troll claws you but does no damage. x2; The troll bites you!
* * * LOW HITPOINT WARNING * * *
The troll claws you.
* * * LOW HITPOINT WARNING * * *
The troll claws you.
* * * LOW HITPOINT WARNING * * *
The troll bites you but does no damage. The troll claws you!
* * * LOW HITPOINT WARNING * * *
You block the troll's attack. The troll bites you but does no damage.
The troll claws you but does no damage. The troll claws you!
You die...

.....<..........#
#.#####.......
#....^###########
#....(...#####
####.##
#######.###### #.#
####.###...
####.#############
#.)......##
.................###
#.##.####).
##.#.#####..#≈≈≈≈≈≈≈
≈≈ ≈≈≈#..))) #.#.#
#.....####.Y#
####≈##..) #.#.#
##.)..#@T#. #≈....)
#.#.# #≈....##T#
#≈##.). #.#.#
#≈.......# #≈###.#
#.#.#
#≈###.......... ≈#
#)# #.#.# #≈
#.......... #)#
#.#.#####≈
.....≈≈≈#'## #≈....#
#.<......≈####T.≈8≈#
.....≈#####
#.#######≈. ...≈≈≈#
... # #.# TT
....#### #


You could see 2 trolls.

Vanquished Creatures
  Harold (D:8)
  The ghost of Crownlay the Chiller, a novice GnIE (D:6)
  An elephant (D:8)
  8 centaur zombies
  2 gargoyles
  A komodo dragon (D:10)
  A yaktaur (D:10)
  2 trolls (D:10)
  4 yaks
  2 wyverns
  A steam dragon (D:10)
  2 basilisks
  Grum (D:8)
  2 vampire mosquitoes (D:9)
  An acid dragon (D:9)
  2 water moccasins
  2 black bears
  An orc warrior (D:5)
  2 necrophages
  The ghost of Metae the Shield-Bearer, an amateur FoFi (D:3)
  3 wolves (D:8)
  2 ogres
  6 centaurs
  A phantom (D:6)
  2 gnoll sergeants
  2 bullfrogs
  2 scorpions (D:6)
  14 killer bees
  2 water moccasin skeletons
  4 howler monkeys
  A jelly (D:6)
  3 hounds
  2 gnoll shamans
  2 orc priests
  A centaur skeleton (D:6)
  Jessica (D:2)
  2 iguanas
  3 orc wizards
  A killer bee zombie (D:8)
  A hound skeleton (D:5)
  A howler monkey zombie (D:6)
  14 gnolls
  14 adders
  2 ufetubi
  2 worms
  2 dart slugs
  18 orcs
  4 ball pythons
  7 bats
  10 endoplasms
  A giant cockroach (D:3)
  15 goblins
  7 hobgoblins
  3 quokkas
  3 frilled lizards
  6 kobolds
  3 rats
205 creatures vanquished.

Vanquished Creatures (collateral kills)
  A two-headed ogre (D:10)
  A vampire mosquito (D:10)
  3 orc warriors (D:10)
5 creatures vanquished.

Vanquished Creatures (others)
  A plant (D:8)
1 creature vanquished.

Grand Total: 211 creatures vanquished

Notes
Turn   | Place    | Note
-------+----------+-------------------------------------------
     0 | D:1      | Borgoz the Gargoyle Berserker began the quest for the Orb.
     0 | D:1      | Reached XP level 1. HP: 14/14 MP: 1/1
    24 | D:1      | Reached XP level 2. HP: 10/19 MP: 2/2
   692 | D:1      | Reached XP level 3. HP: 24/24 MP: 3/3
  1421 | D:2      | Reached XP level 4. HP: 24/29 MP: 4/4
  1479 | D:2      | Reached ** piety under Trog
  1894 | D:2      | Noticed Jessica
  1900 | D:2      | Killed Jessica
  2230 | D:3      | Reached XP level 5. HP: 31/33 MP: 5/5
  2309 | D:3      | Found an ancient bone altar of Kikubaaqudgha.
  2309 | D:3      | Found a stormy altar of Qazlal.
  2494 | D:3      | Found a faded altar of an unknown god.
  2623 | D:3      | Found a runed translucent door.
  2828 | D:3      | Noticed Metae's ghost (amateur FoFi)
  2840 | D:3      | Killed Metae's ghost
  2841 | D:3      | Reached XP level 6. HP: 39/39 MP: 6/6
  3075 | D:4      | You fall into a shaft and drop 3 floors!
  3103 | D:7      | HP: 2/40 [gnoll (4)]
  3229 | D:7      | Reached skill level 5 in Fighting
  3229 | D:7      | Reached skill level 5 in Maces & Flails
  3229 | D:7      | Reached skill level 5 in Armour
  3229 | D:7      | Reached XP level 7. HP: 38/45 MP: 7/7
  3352 | D:6      | Reached XP level 8. HP: 41/51 MP: 8/8
  3550 | D:6      | Found a runed translucent door.
  3550 | D:6      | Noticed Crownlay's ghost (novice GnIE)
  3659 | D:6      | Found a glowing silver altar of Zin.
  3740 | D:5      | Entered Level 5 of the Dungeon
  4137 | D:5      | Found a staircase to the Ecumenical Temple.
  4231 | D:4      | Reached *** piety under Trog
  4323 | D:4      | Found a shimmering blue altar of Sif Muna.
  4610 | D:4      | Reached XP level 9. HP: 52/57 MP: 9/9
  5757 | D:6      | Killed Crownlay's ghost
  6595 | D:8      | Noticed Grum
  6626 | D:8      | Killed Grum
  6928 | D:8      | Reached **** piety under Trog
  6929 | D:8      | Reached XP level 10. HP: 65/65 MP: 10/10
  6987 | D:8      | Found a shimmering altar of Xom.
  7123 | D:8      | Noticed Harold
  7162 | D:8      | Killed Harold
  7369 | D:8      | Noticed an elephant
  7379 | D:8      | Killed an elephant
  7399 | D:8      | Reached skill level 5 in Dodging
  7399 | D:8      | Found a staircase to the Lair.
  7403 | D:8      | Noticed a gargoyle
  7436 | D:8      | Killed a gargoyle
  8096 | D:9      | Reached skill level 10 in Fighting
  8442 | D:9      | Reached XP level 11. HP: 72/72 MP: 11/11
  8455 | D:9      | Reached skill level 1 in Shields
  8615 | D:9      | Found Xeheocvi's Magic Scroll Emporium.
  8621 | D:9      | Bought a scroll of identify for 30 gold pieces
  8621 | D:9      | Bought a scroll of identify for 30 gold pieces
  8621 | D:9      | Bought a scroll of teleportation for 45 gold pieces
  8954 | D:10     | Entered Level 10 of the Dungeon
  8954 | D:10     | Found a hide-covered altar of Uskayaw.
  8964 | D:10     | Reached skill level 10 in Armour
  9096 | D:10     | Found a staircase to the Orcish Mines.
  9361 | D:10     | Noticed a two-headed ogre
  9369 | D:10     | Killed a two-headed ogre
  9588 | D:10     | Found Gula's Jewellery Emporium.
  9978 | D:10     | Reached skill level 10 in Maces & Flails
 10104 | D:10     | HP: 3/73 [troll (10)]
 10104 | D:10     | Slain by a troll

Illustrated notes

Levels and vault maps discovered:
D:1:      doesnt_arrival_eight_statues, layout_loops_ring, st_stairs_9
D:2:      layout_rooms, columned_hall_lemuel, corexii_hall_statues_x,
          glass_columns_b, patterned_corridor, uniq_jessica
D:3:      layout_basic, gammafunk_temple_overflow_statue, ebering_ghost_sewer_d,
          chequers_ecumenical_altar_simple
D:4:      layout_loops_cross, nicolae_sif_muna_little_library
D:5:      layout_basic, minmay_temple_entry_proselytizer
D:6:      layout_rooms, zin_academy, hellmonk_ghost_happy_afterlife
D:7:      layout_basic, serial_curves, eino_curves_04, eino_curves_04
D:8:      layout_rooms, mainiacjoe_overflow_alcove_1, david_lair_generic,
          uniq_grum, uniq_harold
D:9:      layout_basic, serial_shops, kennysheep_little_box,
          mrwooster_statue_mirror, dk_noncrumbling_2,
          hangedman_decor_diamond_cutter, grunt_ministairs_4
D:10:     cheibrodos_ideogram_h, layout_loops_ring,
          mainiacjoe_overflow_small_starburst, orc_0_dummy, serial_shops,
          nicolae_shop_behind_doors, chequers_serial_rivers_micro_d

Skill      XL: |  1  2  3  4  5  6  7  8  9 10 11 |
---------------+----------------------------------+-----
Armour         | 3 4 5 6 8 9 10 | 10.5
Dodging        | 2 3 4 5 |  5.7
Fighting       | 4 5 6 7 8 10 | 10.8
Maces & Flails | 4 5 6 8 9 10 | 10.0
Shields        | 2 |  2.6

Action                   |  1- 3 |  4- 6 |  7- 9 | 10-12 || total
-------------------------+-------+-------+-------+-------++-------
Melee: Mace              |   104 |   147 |       |       ||   251
       Whip              |       |    20 |   421 |   340 ||   781
       Flail             |       |       |       |   141 ||   141
Invok: Berserk           |     1 |     2 |     6 |     7 ||    16
       Trog's Hand       |       |     2 |       |     5 ||     7
       Brothers in Arms  |       |       |       |     1 ||     1
Evoke: Wand              |       |       |       |     5 ||     5
  Use: Scroll            |       |     3 |     2 |     5 ||    10
       Potion            |       |     1 |       |     2 ||     3
Armor: Animal skin       |    36 |       |       |       ||    36
       Plate armour      |    56 |   159 |   299 |   461 ||   975
Dodge: Dodged            |    76 |    77 |   143 |   238 ||   534
Block: Buckler           |       |       |       |    62 ||    62
